 Dungeon Crawl Stone Soup version 0.27-a0-1232-gc6a4cbde82 (webtiles) character file.

Game seed: 7940098483112859841

99 ZappyNine the Chopper (level 4, -3/44 HPs)
             Began as a Deep Dwarf Fighter on June 9, 2021.
             Slain by Crazy Yiuf
             ... wielding a +2 quarterstaff of chaos
              (9 damage)
             ... on level 2 of the Dungeon.
             The game lasted 00:01:12 (1148 turns).

ZappyNine the Chopper (Deep Dwarf Fighter)          Turns: 1148, Time: 00:01:13

Health: -3/44      AC:  6    Str: 21    XL:     4   Next: 45%
Magic:  4/4        EV:  7    Int:  8    God:
Gold:   49         SH:  9    Dex: 12    Spells: 3/3 levels left

rFire    . . .     SeeInvis .   a - +0 war axe
rCold    . . .     Faith    .   c - +0 kite shield
rNeg     . . .     Spirit   .   b - +0 scale mail
rPois    .         Reflect  .   (no helmet)
rElec    .         Harm     .   (no cloak)
rCorr    .         Rampage  .   (no gloves)
Will     .....                  (no boots)
Stlth    ..........             (no amulet)
HPRegen  0.00/turn              (no ring)
MPRegen  0.09/turn              (no ring)

@: mighty
A: damage resistance, heal wounds, sense surroundings 1, no regeneration
a: Heal Wounds


You were on level 2 of the Dungeon.
You visited 1 branch of the dungeon, and saw 2 of its levels.

You collected 49 gold pieces.

Inventory:

Hand Weapons
 a - a +0 war axe (weapon)
Armour
 b - a +0 scale mail (worn)
 c - a +0 kite shield (worn)
Scrolls
 f - a scroll of immolation {unknown}
 g - 2 scrolls of summoning {unknown}
 h - a scroll of identify {unknown}
 j - 2 scrolls of teleportation {unknown}
Potions
 e - a potion of magic {unknown}
 i - a potion of heal wounds {unknown}
 k - a potion of brilliance {unknown}


   Skills:
 + Level 3.9 Fighting
 + Level 4.0 Axes
 - Level 3.2 Armour
 - Level 3.2 Shields


You had 3 spell levels left.
You didn't know any spells.
Your spell library was empty.

Dungeon Overview and Level Annotations

Branches:
Dungeon (2/15)

Altars:

Annotations:
D:2 Crazy Yiuf


Innate Abilities, Weirdness & Mutations

You are resistant to damage.
You can heal yourself by infusing magical energy.
You passively map a small area around you.
You do not regenerate.


Message History

You closely miss the water moccasin skeleton.
The water moccasin skeleton is severely damaged.
The water moccasin skeleton bites you but does no damage.
The water moccasin skeleton bites you.
You slash the water moccasin skeleton!
The water moccasin skeleton is almost destroyed.
You block the water moccasin skeleton's attack. x2
You slash the water moccasin skeleton!
You destroy the water moccasin skeleton!
Your Axes skill increases to level 4!
You have reached level 4!
You feel stronger.
Found a stone staircase leading up.
There is a large open door here.
You open the large door.
There is a large open door here.
Could not explore, unopened runed door.
Could not explore, unopened runed door.
Could not explore, unopened runed door.
Could not explore, unopened runed door.
Could not explore, unopened runed door.
No reachable target in view!
You feel very mighty all of a sudden.
You open the door. You hit Crazy Yiuf.
Crazy Yiuf is moderately wounded.
Crazy Yiuf barely misses you.
Crazy Yiuf hits you with a +2 quarterstaff of chaos!
You are electrocuted!!
* * * LOW HITPOINT WARNING * * *
You hit Crazy Yiuf.
Crazy Yiuf is severely wounded.
You block Crazy Yiuf's attack.
You hit Crazy Yiuf.
Crazy Yiuf is almost dead.
You block Crazy Yiuf's attack. x2
You barely miss Crazy Yiuf.
Crazy Yiuf is almost dead.
Crazy Yiuf hits you with a +2 quarterstaff of chaos!
You die...

#.....##...#.#.#
#.###########.#.
#.....###..#.#.###.###....#
#.#. #.....#
#..#.#<#..........# #.#.
#.....##################.)#
#.#. #.......# #..# #.#.
........##♣♣♣♣♣ #..####.#.
#####.......♣.♣♣♣ ###
##......#.
####......P..♣..♣#...#
#########.
..##.#....PP♣♣♣♣@g...#
#......... #.##......P♣♣
♣♣#..)# #..#######
#.########♣♣ ### #..#
#.......# #..# #.......#
#..# #..†....# ###### #..#
#.......######.##.# ####
#.............>##.#
#.<......########.#


You could see Crazy Yiuf.

Vanquished Creatures
  A water moccasin skeleton (D:2)
  3 dart slugs
  8 endoplasms
  2 giant cockroaches (D:1)
  3 hobgoblins
  5 kobolds
  2 quokkas (D:2)
  3 ball pythons
  A bat (D:1)
  A frilled lizard (D:1)
  3 goblins (D:1)
  8 rats
40 creatures vanquished.

Vanquished Creatures (others)
  3 plants (D:1)
3 creatures vanquished.

Grand Total: 43 creatures vanquished

Notes
Turn   | Place    | Note
-------+----------+-------------------------------------------
     0 | D:1      | ZappyNine the Deep Dwarf Fighter began the quest for the
                  | Orb.
     0 | D:1      | Reached XP level 1. HP: 20/20 MP: 1/1
    70 | D:1      | Reached XP level 2. HP: 26/28 MP: 2/2
   142 | D:1      | Reached skill level 3 in Axes
   334 | D:1      | Reached XP level 3. HP: 27/34 MP: 3/3
   710 | D:2      | Found a runed translucent door.
   711 | D:2      | Noticed Crazy Yiuf
   998 | D:2      | Reached skill level 4 in Axes
   998 | D:2      | Reached XP level 4. HP: 35/44 MP: 4/4
  1148 | D:2      | Slain by Crazy Yiuf

Illustrated notes

Levels and vault maps discovered:
D:1:      shiori_arrival_elements, layout_rooms, serial_forest,
          infiniplex_forest_lined_4_way, infiniplex_forest_lined_3,
          infiniplex_forest_lined_2, infiniplex_forest_corner_2,
          infiniplex_forest_diagonal, infiniplex_forest_clump_diagonal,
          infiniplex_forest_lined_room_
D:2:      layout_basic, kennysheep_cross_room, uniq_crazy_yiuf_cottage

Skill      XL: |  1  2  3 |
---------------+----------+-----
Fighting       | 3 |  3.9
Axes           | 3 4 |  4.0
Armour         | |  3.2
Shields        | |  3.2

Action                   |  1- 3 |  4- 6 || total
-------------------------+-------+-------++-------
Melee: War axe           |    89 |     4 ||    93
 Abil: Heal Wounds       |     2 |       ||     2
  Use: Potion            |       |     1 ||     1
Armor: Scale mail        |    36 |       ||    36
Dodge: Dodged            |    23 |     1 ||    24
Block: Kite shield       |    54 |     3 ||    57

Table legend: (Time is in decaauts)
 A = Elapsed time spent in this place.
 B = Non-inter-level travel time spent in this place.
 C = Inter-level travel time spent in this place.
 D = Time resting spent in this place.
 E = Time spent auto-exploring this place.
 F = Levels seen in this place.
 G = Mean time per level.
                   A        B        C        D        E       F      G
               +--------+--------+--------+--------+--------+-----+--------+
         Total |   1202 |   1181 |     21 |      0 |    929 |   2 |  601.0 |
       Dungeon |   1202 |   1181 |     21 |      0 |    929 |   2 |  601.0 |
               +--------+--------+--------+--------+--------+-----+--------+

Top non-repeatable levels by time:
     D:2: 691 daAuts
     D:1: 510 daAuts
